 Dungeon Crawl Stone Soup version 0.17-a0-1910-g4c791fa (webtiles) character file.

513 kae the Cleaver (level 7, -4/57 HPs)
             Began as a Hill Orc Fighter on Sept 25, 2015.
             Was a Follower of Makhleb.
             Slain by an ogre
             ... wielding a +0 giant club
              (17 damage)
             ... on level 4 of the Dungeon.
             The game lasted 00:03:39 (2921 turns).

kae the Cleaver (Hill Orc Fighter)                  Turns: 2921, Time: 00:03:39

Health: -4/57      AC:  8    Str: 19    XL:     7   Next: 20%
Magic:  7/7        EV:  7    Int:  8    God:    Makhleb [*.....]
Gold:   276        SH:  9    Dex: 12    Spells: 0 memorised, 6 levels left

rFire  + . .     SeeInvis .     a - +0 war axe
rCold  . . .     Clarity  .     b - +0 scale mail
rNeg   . . .     SustAt   .     c - +0 shield
rPois  .         Gourm    .     (no helmet)
rElec  .         Spirit   .     (no cloak)
rCorr  .         Warding  .     (no gloves)
rMut   .         Stasis   .     n - +0 pair of boots
MR     +....                    (no amulet)
Stlth  ..........               h - ring of protection from magic
                                f - ring of protection from fire

@: somewhat resistant to hostile enchantments, extremely unstealthy
A: no striking features
a: Renounce Religion


You were on level 4 of the Dungeon.
You worshipped Makhleb.
Makhleb was aware of your devotion.
You were very hungry.

You visited 1 branch of the dungeon, and saw 4 of its levels.

You collected 276 gold pieces.

Inventory:

Hand weapons
 a - a +0 war axe (weapon)
Armour
 b - a +0 scale mail (worn)
 c - a +0 shield (worn)
 n - a +0 pair of boots (worn)
Jewellery
 f - a ring of protection from fire (left hand)
 h - a ring of protection from magic (right hand)
 p - a +2 ring of strength {unknown}
 s - a cursed ring of loudness {unknown}
 u - an uncursed amulet of rage {unknown}
Scrolls
 g - 6 scrolls of remove curse {unknown}
 i - a scroll of teleportation {unknown}
 j - 2 scrolls of fog {unknown}
 l - 3 scrolls of identify {unknown}
 q - a scroll of immolation {unknown}
 r - a scroll of enchant weapon {unknown}
 v - a scroll of enchant armour {unknown}
Potions
 d - a potion of might
 k - a potion of cancellation {unknown}
 m - 3 potions of curing {unknown}
 o - a potion of lignification {unknown}
Books
 t - a book of Frost

   Spells                             Type                      Level
   a - Freeze                         Ice                          1
   b - Throw Frost                    Conjuration/Ice              2
   c - Ozocubu's Armour               Charms/Ice                   3
   d - Throw Icicle                   Conjuration/Ice              4
   e - Summon Ice Beast               Ice/Summoning                4
   f - Condensation Shield            Ice                          4
Comestibles
 e - 3 bread rations
 w - a meat ration


   Skills:
 - Level 3.6 Fighting
 + Level 10.0 Axes
 - Level 3.2 Armour
 - Level 3.2 Shields


You had 6 spell levels left.
You didn't know any spells.

Dungeon Overview and Level Annotations

Branches:
Dungeon (4/15)
 Temple: D:4-7

Altars:
Cheibriados
Kikubaaqudgha
Makhleb
Okawaru
Qazlal


Message History

Found 27 gold pieces.
The ogre hits you with a giant club!!
You hit the ogre.
The ogre is moderately wounded.
You hit the ogre.
The ogre is moderately wounded.
The ogre hits you with a giant club!!
* * * LOW HITPOINT WARNING * * *
You are too injured to fight recklessly!
You are too injured to fight recklessly!
You are too injured to fight recklessly!
You are too injured to fight recklessly!
You are too injured to fight recklessly!
You are too injured to fight recklessly!
You are too injured to fight recklessly!
The ogre barely misses you.
You closely miss the ogre.
The ogre is moderately wounded.
You barely miss the gnoll. The ogre hits you with a giant club!
You die...

#....#######.....
#...## #.....
#...# #.....
#...# ######
#...# #
#...###### #
#......... #
######g##...... #
#....@O# ...... #
#......# ..g...
#......+ ......
#......# ......
#......# ..g.
#..$..$# ########


You could see an ogre and a gnoll.

Vanquished Creatures
  Sigmund (D:2)
  A centaur (D:3)
  A water moccasin skeleton (D:4)
  Jessica (D:3)
  9 adders
  4 gnolls (D:2)
  2 oozes
  4 worms
  A giant gecko (D:4)
  3 ball pythons
  8 bats
  2 giant cockroaches
  9 goblins
  4 hobgoblins
  3 jackals (D:4)
  8 kobolds
  2 quokkas (D:3)
  5 giant newts
  11 rats
79 creatures vanquished.

Notes
Turn   | Place    | Note
--------------------------------------------------------------
     0 | D:1      | kae the Hill Orc Fighter began the quest for the Orb.
     0 | D:1      | Reached XP level 1. HP: 19/19 MP: 1/1
   103 | D:1      | Reached XP level 2. HP: 21/26 MP: 2/2
   181 | D:1      | Reached skill level 4 in Axes
   575 | D:2      | Reached XP level 3. HP: 25/31 MP: 3/3
   609 | D:2      | Noticed Sigmund
   627 | D:2      | Killed Sigmund
   627 | D:2      | Reached skill level 7 in Axes
   627 | D:2      | Reached XP level 4. HP: 12/39 MP: 4/4
   627 | D:2      | Reached XP level 5. HP: 13/45 MP: 5/5
  1157 | D:2      | Reached skill level 8 in Axes
  1157 | D:2      | Reached XP level 6. HP: 38/51 MP: 6/6
  1822 | D:3      | Found a burning altar of Makhleb.
  1834 | D:3      | Became a worshipper of Makhleb the Destroyer
  1959 | D:3      | Found a stormy altar of Qazlal.
  2068 | D:3      | Noticed Jessica
  2091 | D:3      | Killed Jessica
  2091 | D:3      | Reached skill level 9 in Axes
  2233 | D:3      | Reached XP level 7. HP: 33/57 MP: 7/7
  2428 | D:3      | Found a stormy altar of Qazlal.
  2546 | D:4      | Found an ancient bone altar of Kikubaaqudgha.
  2553 | D:4      | Found an iron altar of Okawaru.
  2553 | D:4      | Found a snail-covered altar of Cheibriados.
  2766 | D:4      | Acquired Makhleb's first power
  2766 | D:4      | Reached skill level 10 in Axes
  2921 | D:4      | Slain by an ogre

Vault maps used:
D:1:      lightli_arrival_statuegarden
D:2:      uniq_sigmund
D:3:      lemuel_upstairs_altar, bloody_makhleb, lemuel_doored_altar,
          first_bread, grunt_qazlal_sundering, uniq_jessica
D:4:      overflow_temple_1_default, minitemple, kennysheep_generic_room_10

Action                   |  1- 3 |  4- 6 |  7- 9 || total
-------------------------+-------+-------+-------++-------
Melee: War axe           |   108 |   193 |    23 ||   324
  Use: Potion            |       |     1 |       ||     1
  Eat: Chunk             |       |     5 |     1 ||     6
